 Dungeon Crawl Stone Soup version 0.17.0-24-gcfadda4 (webtiles) character file.

92 Sorcv the Sneak (level 4, 0/30 HPs)
             Began as a Mummy Enchanter on Nov 15, 2015.
             Slain by Natasha (10 damage)
             ... on level 3 of the Dungeon.
             The game lasted 00:05:18 (1730 turns).

Sorcv the Sneak (Mummy Enchanter)                   Turns: 1730, Time: 00:05:18

Health: 0/30       AC:  3    Str: 11    XL:     4   Next: 35%
Magic:  0/7        EV: 12    Int: 14    God:
Gold:   73         SH:  0    Dex: 13    Spells: 3 memorised, 1 level left

rFire  x . .     SeeInvis .     a - +1 dagger
rCold  + . .     Clarity  .     b - +1 robe
rNeg   + + +     SustAt   .     (no shield)
rPois  ∞         Gourm    .     (no helmet)
rElec  .         Spirit   .     (no cloak)
rCorr  .         Warding  .     (no gloves)
rMut   .         Stasis   .     (no boots)
MR     .....                    (no amulet)
Stlth  ++........               (no ring)
                                (no ring)

@: very slightly contaminated, not resistant to hostile enchantments, unstealthy
A: no food or potions, fire vulnerability, cold resistance 1, negative energy
resistance 3, torment resistance, unbreathing
a: no special abilities


You were on level 3 of the Dungeon.
You were not hungry.

You visited 1 branch of the dungeon, and saw 3 of its levels.

You collected 73 gold pieces.

Inventory:

Hand Weapons
 a - a +1 dagger (weapon)
Armour
 b - a +1 robe (worn)
Wands
 j - a wand of polymorph (2)
Scrolls
 d - a scroll of enchant armour {unknown}
 e - a scroll of noise {unknown}
 f - 2 scrolls of identify {unknown}
 g - 2 scrolls of remove curse {unknown}
 h - a scroll of magic mapping {unknown}
 i - a scroll of enchant weapon {unknown}
 k - a scroll of fear {unknown}
Books
 c - a book of Maledictions

   Spells                             Type                      Level
   a - Corona                         Hexes                        1
   b - Ensorcelled Hibernation        Hexes/Ice                    2
   c - Confuse                        Hexes                        3
   d - Tukima's Dance                 Hexes                        3
   e - Dazzling Spray                 Conjuration/Hexes            3


   Skills:
 - Level 0.2 Fighting
 - Level 1.0 Short Blades
 - Level 2.0 Dodging
 * Level 3.9 Stealth
 - Level 2.0 Spellcasting
 - Level 3.0 Hexes


You had one spell level left.
You knew the following spells:

 Your Spells              Type           Power        Failure   Level  Hunger
a - Corona                Hex            #......      10%         1    N/A
b - Ensorcelled Hibernat  Hex/Ice        #.....       21%         2    N/A
c - Confuse               Hex            #.......     21%         3    N/A

Dungeon Overview and Level Annotations

Branches:
Dungeon (3/15)

Altars:
Cheibriados
Trog
Vehumet

Annotations:
D:3 Natasha


Innate Abilities, Weirdness & Mutations

You do not eat or drink.
Your flesh is vulnerable to fire.
You are immune to poison.
Your flesh is cold resistant.
You are immune to negative energy.
You are immune to unholy pain and torment.
You can survive without breathing.


Message History

Aiming: Ensorcelled Hibernation
Press: ? - help, Shift-Dir - straight line, f/p - Natasha
Aim: Natasha (chance to defeat MR: 37%) Natasha easily resists.
Natasha barely misses you.
Casting: Ensorcelled Hibernation
Confirm with . or Enter, or press ? or * to list all spells.
Aiming: Corona
Press: ? - help, Shift-Dir - straight line, f/p - Natasha
Aim: Natasha (chance to defeat MR: 44%) Natasha is outlined in light.
Natasha claws you!
You hit Natasha.
Natasha is moderately wounded.
Natasha claws you but does no damage.
You hit Natasha.
Natasha is moderately wounded.
Natasha closely misses you.
You hit Natasha.
Natasha is moderately wounded.
Natasha claws you!
You die...

# #..........
#####...#####
##...##.##...##
#.8.8.#.#.8.8.#
#.._..#.#.._..#
#.8...#.#...8.#
#...'#.#'...#
.#####..h#####..
........⌠@.......
#.#####...#####.#
+#.#'...#
#.#...8.#
#)#.._..#
#.#.8.8.#
#.##...## ...
#### #.


You could see Natasha.

Vanquished Creatures
  Terence (D:2)
  An adder (D:2)
  6 giant cockroaches
  8 hobgoblins
  5 jackals
  A quokka (D:2)
  7 bats
  3 giant geckos (D:1)
  3 giant newts
  3 goblins
  7 kobolds
  10 rats
55 creatures vanquished.

Notes
Turn   | Place    | Note
--------------------------------------------------------------
     0 | D:1      | Sorcv the Mummy Enchanter began the quest for the Orb.
     0 | D:1      | Reached XP level 1. HP: 13/13 MP: 3/3
   170 | D:1      | Reached XP level 2. HP: 17/19 MP: 5/5
   211 | D:1      | Reached skill level 3 in Hexes
   250 | D:1      | Learned a level 2 spell: Ensorcelled Hibernation
   575 | D:1      | Reached skill level 1 in Short Blades
   923 | D:1      | Reached XP level 3. HP: 24/24 MP: 6/6
  1112 | D:2      | Learned a level 3 spell: Confuse
  1280 | D:2      | Noticed Terence
  1340 | D:2      | Killed Terence
  1340 | D:2      | Reached XP level 4. HP: 13/30 MP: 0/7
  1716 | D:3      | Found a radiant altar of Vehumet.
  1719 | D:3      | Found a bloodstained altar of Trog.
  1719 | D:3      | Noticed Natasha
  1722 | D:3      | Found a snail-covered altar of Cheibriados.
  1730 | D:3      | Slain by Natasha

Action                   |  1- 3 |  4- 6 || total
-------------------------+-------+-------++-------
Melee: Dagger            |   133 |    60 ||   193
 Cast: Ensorcelled Hiber |     5 |     3 ||     8
       Corona            |     2 |     1 ||     3
 Stab: Sleeping          |     9 |     5 ||    14
